 Dungeon Crawl Stone Soup version 0.18-a0-801-gb01a236 (webtiles) character file.

13951 Korkiloff the Nimble (level 11, -6/89 HPs)
             Began as a Pale Draconian Fire Elementalist on Dec 13, 2015.
             Was an Elder of Vehumet.
             Mangled by a sixfirhy (7 damage)
             ... summoned by an orc sorcerer
             ... led by an orc knight
             ... on level 1 of the Orcish Mines on Dec 14, 2015.
             The game lasted 01:50:53 (13672 turns).

Korkiloff the Nimble (DrFE)                        Turns: 13672, Time: 01:50:53

Health: -6/89      AC: 17    Str: 10    XL:     11   Next: 82%
Magic:  19/23      EV: 18    Int: 19    God:    Vehumet [****..]
Gold:   872        SH:  0    Dex: 15    Spells: 6 memorised, 10 levels left

rFire  . . .     SeeInvis .     q - +5 mace (protect)
rCold  . . .     Clarity  .     (armour unavailable)
rNeg   . . .     SustAt   .     (no shield)
rPois  .         Gourm    .     w - +1 hat
rElec  .         Spirit   .     O - +2 cloak
rCorr  .         Dismiss  .     (no gloves)
rMut   .         Stasis   .     t - +0 pair of boots
MR     .....                    (no amulet)
Stlth  +++.......               W - ring of flight
                                P - +3 ring of dexterity

@: not resistant to hostile enchantments, fairly stealthy
A: breathe steam, unfitting armour, cold-blooded, AC +7
a: Breathe Steam, Renounce Religion, Evoke Flight


You were on level 1 of the Orcish Mines.
You worshipped Vehumet.
Vehumet was greatly pleased with you.
You were not hungry.

You visited 3 branches of the dungeon, and saw 14 of its levels.

You collected 872 gold pieces.

Inventory:

Hand Weapons
 e - a +1 flail of protection
 g - a +2 dagger of venom
 n - a +0 flail of holy wrath
 p - a +1 falchion of flaming
 q - a +5 mace of protection (weapon)
 u - a +2 spear of venom
 y - a +1 dagger of holy wrath
 A - a +1 dagger of electrocution
 C - a +0 shortbow of freezing
 J - a +1 dagger of venom
 T - a +1 dagger of venom
Missiles
 i - 5 javelins
 j - 20 poisoned arrows
 s - 147 arrows
 H - 15 arrows of flame
 U - 45 poisoned needles
 V - 7 tomahawks (quivered)
 X - 4 curare-tipped needles
Armour
 t - a +0 pair of boots (worn)
 w - a +1 hat (worn)
 O - a +2 cloak (worn)
Jewellery
 P - a +3 ring of dexterity (left hand)
 W - a ring of flight (right hand)
Wands
 l - a wand of fireball (9)
 r - a wand of teleportation (0)
 I - a wand of confusion (10)
 Q - a wand of fire (2)
Scrolls
 c - a scroll of blinking
 v - 6 scrolls of identify
 B - a scroll of amnesia
 D - 4 scrolls of remove curse
 G - a scroll of acquirement {unknown}
 K - 4 scrolls of fog
 L - a scroll of holy word {unknown}
 R - 2 scrolls of recharging
Potions
 h - 2 potions of curing
 x - a potion of magic
 z - 2 potions of brilliance
 E - a potion of flight
 F - a potion of invisibility
Books
 a - a book of Flames

   Spells                             Type                      Level
   a - Flame Tongue                   Conjuration/Fire             1
   b - Throw Flame                    Conjuration/Fire             2
   c - Conjure Flame                  Conjuration/Fire             3
   d - Inner Flame                    Hexes/Fire                   3
   e - Sticky Flame                   Conjuration/Fire             4
   f - Fireball                       Conjuration/Fire             5
Comestibles
 b - 7 bread rations
 f - 4 beef jerkies
 k - 4 meat rations
 N - 2 slices of pizza
 S - 2 fruits
 Z - 2 royal jellies


   Skills:
 + Level 5.9 Fighting
 + Level 1.5 Short Blades
 + Level 1.8 Maces & Flails
 + Level 4.0 Polearms
 + Level 0.8 Throwing
 + Level 9.4 Dodging
 + Level 5.4 Stealth
 + Level 8.3 Spellcasting
 + Level 7.4 Conjurations
   Level 1.0 Hexes
 + Level 8.7 Fire Magic
 + Level 1.0 Air Magic


You had 10 spell levels left.
You knew the following spells:

 Your Spells              Type           Power        Failure   Level  Hunger
a - Flame Tongue          Conj/Fire      #####        1%          1    None
b - Throw Flame           Conj/Fire      #####.       1%          2    None
c - Conjure Flame         Conj/Fire      #####...     1%          3    None
e - Shock                 Conj/Air       ###.         1%          1    None
f - Fireball              Conj/Fire      #####.....   3%          5    #####..
g - Airstrike             Air            ##........   21%         4    ###....


Dungeon Overview and Level Annotations

Branches:
Dungeon (11/15)            Temple (1/1) D:7            Lair (0/8) D:8
    Orc (2/2) D:10            Elf (0/3) Orc:2

Altars:
Cheibriados
Dithmenos
Elyvilon
Fedhas
Gozag
Makhleb
Nemelex Xobeh
Okawaru
Qazlal
Ru
Vehumet
Xom
Zin

Shops:
Orc:1 (

Annotations:
D:11 Scytalen's ghost, journeyman DrFE
Orc:1 Saint Roka


Innate Abilities, Weirdness & Mutations

You can breathe blasts of scalding, opaque steam.
Your pale cyan-grey scales are hard (AC +7).
Your body does not fit into most forms of armour.
You are cold-blooded and may be slowed by cold attacks.


Message History

The fireball engulfs the sixfirhy.
The sixfirhy is severely wounded.
The fireball engulfs the orc warrior.
You kill the orc warrior!
Vehumet accepts your kill. The sixfirhy closely misses you.
The sixfirhy misses you.
The orc knight hits you with a war axe of flaming!!
* * * LOW HITPOINT WARNING * * *
The orc knight burns you!
* * * LOW HITPOINT WARNING * * *
The sixfirhy hits you.
* * * LOW HITPOINT WARNING * * *
The sixfirhy shocks you!
* * * LOW HITPOINT WARNING * * *
Unknown command.
Drink which item? (? for menu, Esc to quit)
You feel better. The sixfirhy hits you!
* * * LOW HITPOINT WARNING * * *
The sixfirhy shocks you!
You die...

....... .......
.#o.... h......
...... #... ### #o
##.##### ##.
#.@.##.## ##o#
##o4#...# ####§..
#..o..## ##.##...
##[).#.####..o#...
##.#))o..#.#..#...#
#...).[o#.oo..o....
##.....)......#.8..
###...........#..#
###
##..........8.∩.8


You could see an orc knight, a sixfirhy, an orc sorcerer, an orc warrior and an
orc wizard.

Vanquished Creatures
  Snorg (D:10)
  Josephine (Orc:1)
  Erolcha (Orc:1)
  The ghost of aspa the Thaumaturge, a novice OpWz of Sif Muna (D:7)
  A deep elf mage (D:11)
  Maurice (D:10)
  A gargoyle (D:10)
  A centaur skeleton (D:11)
  A troll (D:10)
  4 wraiths (Orc:1)
  A wyvern (D:11)
  4 yaks (D:11)
  4 wargs
  A hungry ghost (D:6)
  14 orc warriors
  6 sky beasts
  2 necrophages
  A black bear (D:6)
  4 ice beasts
  5 centaurs
  A wasp (D:9)
  7 ogres
  A phantom (D:10)
  10 giant frogs
  4 big kobolds
  Blork the orc (D:5)
  A crocodile (D:11)
  A gnoll sergeant (D:10)
  A water moccasin skeleton (D:10)
  4 scorpions
  4 wights (D:10)
  4 killer bees
  10 orc priests
  A quasit (D:10)
  3 giant frog zombies
  2 crimson imps
  6 jellies
  3 iguanas
  5 hounds
  18 orc wizards
  4 giant frog skeletons
  8 worker ants
  A killer bee zombie (D:7)
  2 hound skeletons
  Robin (D:2)
  14 gnolls
  16 adders
  3 shadow imps
  An adder skeleton (D:6)
  3 worms
  6 giant geckos
  66 orcs
  9 giant cockroaches
  23 goblins
  11 hobgoblins
  2 jackals (D:7)
  3 quokkas
  10 bats
  A giant gecko skeleton (D:4)
  5 giant newts
  35 kobolds
  A quokka skeleton (D:4)
  6 rats
  A fungus (D:1)
374 creatures vanquished.

Notes
Turn   | Place    | Note
--------------------------------------------------------------
     0 | D:1      | Korkiloff the Draconian Fire Elementalist began the quest for the Orb.
     0 | D:1      | Reached XP level 1. HP: 14/14 MP: 3/3
   470 | D:1      | Reached XP level 2. HP: 12/20 MP: 0/5
   493 | D:1      | Learned a level 2 spell: Throw Flame
  1339 | D:2      | Reached XP level 3. HP: 26/26 MP: 1/6
  1443 | D:2      | Found a glowing silver altar of Zin.
  1492 | D:2      | Learned a level 1 spell: Flame Tongue
  1631 | D:2      | Noticed Robin
  1695 | D:2      | Upgraded the game from 0.18-a0-775-g4d9e04e to 0.18-a0-801-gb01a236
  1775 | D:2      | Killed Robin
  1775 | D:2      | Reached XP level 4. HP: 34/34 MP: 1/7
  2421 | D:3      | Learned a level 3 spell: Conjure Flame
  2558 | D:3      | Reached XP level 5. HP: 32/39 MP: 6/9
  2841 | D:3      | Found a burning altar of Makhleb.
  2909 | D:3      | Reached skill level 1 in Polearms
  2958 | D:3      | Reached skill level 1 in Fighting
  3342 | D:4      | Reached skill level 4 in Fire Magic
  3342 | D:4      | Reached XP level 6. HP: 47/47 MP: 3/11
  3610 | D:4      | Your scales start taking on a pale cyan-grey colour.
  3610 | D:4      | Reached XP level 7. HP: 48/53 MP: 7/12
  4096 | D:4      | Learned a level 3 spell: Inner Flame
  4116 | D:5      | Entered Level 5 of the Dungeon
  4304 | D:5      | Found a blossoming altar of Fedhas.
  4419 | D:5      | Reached skill level 5 in Fire Magic
  4804 | D:5      | Reached XP level 8. HP: 62/62 MP: 8/14
  4845 | D:5      | Found a shadowy altar of Dithmenos.
  4845 | D:5      | Noticed Blork the orc
  4946 | D:5      | Killed Blork the orc
  5409 | D:6      | Reached skill level 5 in Dodging
  5475 | D:6      | Reached skill level 5 in Spellcasting
  5609 | D:6      | Reached XP level 9. HP: 51/71 MP: 14/16
  6008 | D:7      | Found a staircase to the Ecumenical Temple.
  6012 | D:7      | Noticed aspa's ghost (novice OpWz)
  6039 | D:7      | Reached skill level 6 in Fire Magic
  6057 | D:7      | Killed aspa's ghost
  6108 | D:7      | Reached skill level 5 in Conjurations
  6168 | Temple   | Entered the Ecumenical Temple
  6200 | Temple   | Became a worshipper of Vehumet
  7089 | D:8      | Reached XP level 10. HP: 80/80 MP: 19/19
  7111 | D:8      | Reached * piety under Vehumet
  7111 | D:8      | Offered knowledge of Freeze by Vehumet.
  7138 | D:8      | Found a sacrificial altar of Ru.
  7388 | D:8      | Found a staircase to the Lair.
  7404 | D:8      | Reached skill level 7 in Fire Magic
  7407 | D:8      | HP: 2/80 [poison (a potion of poison)]
  7855 | D:8      | Reached skill level 1 in Short Blades
  7907 | D:8      | Found an opulent altar of Gozag.
  7907 | D:8      | Found a sparkling altar of Nemelex Xobeh.
  8147 | D:8      | Found a white marble altar of Elyvilon.
  8255 | D:8      | Offered knowledge of Shock by Vehumet.
  8260 | D:8      | Reached ** piety under Vehumet
  8332 | D:8      | Found a stormy altar of Qazlal.
  8369 | D:8      | Found a shimmering altar of Xom.
  8370 | D:8      | Found a snail-covered altar of Cheibriados.
  8683 | D:9      | Learned a level 1 spell: Shock
  8689 | D:9      | Learned a level 5 spell: Fireball
  8751 | D:9      | Reached skill level 5 in Stealth
  8811 | D:9      | Found an iron altar of Okawaru.
  8941 | D:9      | Reached skill level 1 in Hexes
  9374 | D:10     | Entered Level 10 of the Dungeon
  9409 | D:10     | Noticed Snorg
  9432 | D:10     | Offered knowledge of Ignite Poison by Vehumet.
  9852 | D:10     | Reached skill level 5 in Fighting
 10224 | D:10     | Reached *** piety under Vehumet
 10368 | D:10     | Reached skill level 8 in Dodging
 10439 | D:10     | Noticed Maurice
 10483 | D:10     | Found a staircase to the Orcish Mines.
 10504 | D:10     | Killed Maurice
 10504 | D:10     | Reached XP level 11. HP: 74/86 MP: 21/21
 10756 | D:10     | Killed Snorg
 10848 | D:11     | Reached skill level 1 in Maces & Flails
 11293 | D:11     | Offered knowledge of Airstrike by Vehumet.
 11312 | D:11     | Learned a level 4 spell: Airstrike
 11359 | D:11     | Noticed Scytalen's ghost (journeyman DrFE)
 11676 | Orc:1    | Entered Level 1 of the Orcish Mines
 11742 | Orc:1    | Noticed Erolcha
 11753 | Orc:1    | Killed Erolcha
 11791 | Orc:2    | Entered Level 2 of the Orcish Mines
 11859 | Orc:2    | Found a staircase to the Elven Halls.
 11861 | Orc:2    | Noticed Saint Roka
 12223 | Orc:1    | Reached skill level 1 in Air Magic
 12546 | Orc:1    | Noticed an orc warlord
 12634 | Orc:1    | Reached skill level 9 in Dodging
 12858 | Orc:1    | Found Roram's Weapon Shop.
 12877 | Orc:1    | Reached **** piety under Vehumet
 13167 | Orc:1    | Noticed Josephine
 13263 | Orc:1    | Found a burning altar of Makhleb.
 13656 | Orc:1    | Killed Josephine
 13671 | Orc:1    | HP: 1/89 [sixfirhy[an orc knight] (9)]
 13672 | Orc:1    | Mangled by a sixfirhy

Vault maps used:
D:1:      onia_arrival_mini_maze_b, supply_closet_lemuel,
          kennysheep_another_room, st_stairs_5
D:2:      wad_river_or_something, marbit_many_paths, first_bread, uniq_robin
D:3:      nicolae_overflow_crystal_walls, grunt_ministairs_6
D:4:      hangedman_minor_gate_pass
D:5:      nicolae_dithmenos_through_a_glass_darkly, kennysheep_mini_moat,
          uniq_blork_the_orc
D:6:      small_statue_intersection
D:7:      minmay_temple_entry_junction
D:8:      grunt_temple_overflow_opulence, lemuel_round_altar, elyvilon_altar_5,
          kennysheep_little_box, gammafunk_temple_overflow_pools,
          erik_lair_orcish_takeover
D:9:      lemuel_round_altar
D:10:     orc_0_dummy, uniq_maurice, uniq_snorg
Temple:   nicolae_temple_figure_zero
Orc:1:    serial_shops, nicolae_shop_statue_plus, basic_altar,
          lightli_church_of_beogh, uniq_josephine, uniq_erolcha
Orc:2:    st_orc_elflike, uniq_rupert, uniq_saint_roka

Action                   |  1- 3 |  4- 6 |  7- 9 | 10-12 || total
-------------------------+-------+-------+-------+-------++-------
Melee: Unarmed           |    34 |       |       |       ||    34
       Dagger            |    23 |       |       |   117 ||   140
       Spear             |    20 |   139 |   210 |       ||   369
       Mace              |       |       |       |   135 ||   135
Throw: Tomahawk          |       |       |     2 |       ||     2
 Cast: Flame Tongue      |    62 |    37 |    75 |   208 ||   382
       Throw Flame       |     9 |     3 |     5 |    25 ||    42
       Conjure Flame     |       |     5 |     3 |     2 ||    10
       Inner Flame       |       |       |     1 |     1 ||     2
       Shock             |       |       |       |    17 ||    17
       Fireball          |       |       |       |    11 ||    11
       Airstrike         |       |       |       |     1 ||     1
 Abil: Breathe Steam     |       |       |    43 |    56 ||    99
Evoke: Wand              |       |       |       |     4 ||     4
  Use: Scroll            |     5 |       |     5 |    11 ||    21
       Potion            |       |       |     1 |    11 ||    12
 Stab: Sleeping          |     1 |     7 |     3 |     2 ||    13
       Distracted        |       |       |     1 |       ||     1
  Eat: Chunk             |     4 |     7 |    16 |    25 ||    52
       Fruit             |       |       |       |     4 ||     4
       Royal jelly       |       |       |       |     1 ||     1
